 Dungeon Crawl Stone Soup version 0.30-a0-313-gae38170b09 (webtiles) character file.

Game seed: 4513111394775985237

1398 Lanoc the Covert (level 8, 0/40 HPs)
             Began as a Spriggan Brigand on Oct 26, 2022.
             Was a High Priest of Zin.
             Slain by a gnoll sergeant
             ... wielding a +1 vorpal spear
              (10 damage)
             ... on level 6 of the Dungeon.
             The game lasted 00:12:46 (5535 turns).

Lanoc the Covert (Spriggan Brigand)                 Turns: 5535, Time: 00:12:47

Health: 0/40       AC:  4    Str:  7    XL:     8   Next: 41%
Magic:  11/11      EV: 24    Int: 13    God:    Zin [*****.]
Gold:   227        SH:  0    Dex: 18    Spells: 7/7 levels left

rFire   . . .      SeeInvis +    a - +2 dagger (freeze)
rCold   . . .      Faith    .    (no shield)
rNeg    . . .      Spirit   .    b - +0 robe
rPois   +          Reflect  .    (helmet restricted)
rElec   .          Harm     .    f - +1 cloak {rPois}
rCorr   .          Rampage  .    (gloves unavailable)
Will    ++...                    (boots unavailable)
Stlth   +++++.....               (no amulet)
HPRegen 0.26/turn                j - ring of willpower
MPRegen 0.12/turn                q - +4 ring of evasion

@: on recite cooldown, very quick
A: very small, no large weapons, unfitting armour, see invisible, speed 3
a: Renounce Religion, Recite, Vitalisation, Imprison, Sanctuary, Donate Gold


You were on level 6 of the Dungeon.
You worshipped Zin.
Zin was extremely pleased with you.
You visited 2 branches of the dungeon, and saw 7 of its levels.
You also visited: Ossuary.

You collected 252 gold pieces.
You donated 25 gold pieces to Zin.

Inventory:

Hand Weapons
 a - a +2 dagger of freezing (weapon)
 c - the +3 spear "Xasil" {freeze, +Blink rN+ Int+4}
   (You found it on level 6 of the Dungeon)

   It freezes those it strikes, dealing additional cold damage.
   It can also slow down cold-blooded creatures.
   Int:       It affects your intelligence (+4).
   rN:        It protects you from negative energy.
   +Blink:    It lets you blink.
 z - a +1 dagger of electrocution
Missiles
 d - 9 poisoned darts
 e - a curare-tipped dart (quivered)
 r - 7 atropa-tipped darts
Armour
 b - a +0 robe (worn)
 f - a +1 cloak of poison resistance (worn)
Jewellery
 j - a ring of willpower (left hand)
 n - a +6 ring of dexterity
 q - a +4 ring of evasion (right hand)
 y - a +6 ring of intelligence
Scrolls
 g - a scroll of butterflies {unknown}
 h - 7 scrolls of identify
 l - a scroll of noise
 o - a scroll of teleportation
 p - 3 scrolls of enchant weapon
 t - 4 scrolls of enchant armour
 w - a scroll of magic mapping {unknown}
 x - a scroll of poison
Potions
 i - a potion of heal wounds
 k - a potion of magic
 m - a potion of mutation
 s - 2 potions of berserk rage
 u - 2 potions of resistance
 A - 2 potions of flight


   Skills:
 + Level 3.5 Fighting
 - Level 6.0 Short Blades
 - Level 2.0 Throwing
 + Level 5.1 Dodging
 * Level 10.9 Stealth
 + Level 3.6 Invocations


You had 7 spell levels left.
You didn't know any spells.
Your spell library contained the following spells:

 Spells                   Type           Power      Damage    Failure   Level
 Kiss of Death            Conj/Necr      0%         2d5       30%         1
 Gell's Gravitas          Tloc           0%         N/A       67%         3
 Lesser Beckoning         Tloc           0%         N/A       67%         3
 Teleport Other           Tloc           0%         N/A       67%         3


Dungeon Overview and Level Annotations

Branches:
Dungeon (6/15)             Temple (1/1) D:4         Ossuary (visited)

Altars:
Qazlal
Zin
The Shining One

Shops:
D:5 [


Innate Abilities, Weirdness & Mutations

You are very small and have problems with some larger weapons.
You are too small for most types of armour.
You have supernaturally acute eyesight. (SInv)
You cover ground extremely quickly. (Speed+++)


Message History

The gnoll is confused by your recitation.
The gnoll misses you.
The gnoll is lost in a daze.
You hit the gnoll. You freeze the gnoll.
The gnoll is lightly wounded. "...of sacrilege, Zin taketh."
You finish reciting Anathema 5:55.
You hit the gnoll but do no damage.
The gnoll is lightly wounded.
The gnoll hits the gnoll with a +0 spear.
The gnoll hits the gnoll with a +0 club.
You hit the gnoll but do no damage.
The gnoll is moderately wounded.
The gnoll is lost in a daze.
You catch the helpless gnoll completely off-guard!
You impale the gnoll!! You freeze the gnoll.
You kill the gnoll!
Things that are here:
a +0 spear; a gnoll corpse You hit the gnoll.
You freeze the gnoll.
You kill the gnoll!
The gnoll sergeant hits you with a +1 vorpal spear!
You are too injured to fight recklessly!
You are too injured to fight recklessly!
You are too injured to fight recklessly!
You are too injured to fight recklessly!
You barely miss the gnoll sergeant.
The gnoll sergeant is lightly wounded.
You barely miss the gnoll sergeant.
The gnoll sergeant is lightly wounded.
The gnoll sergeant closely misses you.
You hit the gnoll sergeant but do no damage.
The gnoll sergeant is lightly wounded.
The gnoll sergeant hits you with a +1 vorpal spear!
* * * LOW HITPOINT WARNING * * *
x2 You hit the gnoll sergeant but do no damage.
The gnoll sergeant is lightly wounded.
You hit the gnoll sergeant but do no damage.
The gnoll sergeant is lightly wounded.
The gnoll sergeant hits you with a +1 vorpal spear!
You die...

####+ #...##'##.....#
##....##....#..#.....#
.............#..#.....#
.......^.....#..#.....#
...........)#..#.....#
### #.........)').#.....#
#..##.........##..#.....#
#.............###########
#..........@...#
#.........g....#
+.$........?...#
#.....[.......##
#..##..).##...#
#....##...# ...........#
.............#
#..##....##...#


You could see a gnoll sergeant.

Vanquished Creatures
  A two-headed ogre (D:5)
  3 black bears (D:5)
  A scorpion (D:5)
  3 hounds
  A jelly (D:5)
  An orc priest (D:5)
  Crazy Yiuf (D:5)
  2 orc wizards (D:5)
  A mummy (Ossuary)
  5 gnolls (D:6)
  4 adders
  An ufetubus (D:4)
  2 worms
  A dart slug (D:2)
  9 orcs
  5 spectral bats (Ossuary)
  5 ball pythons
  9 endoplasms
  6 giant cockroaches
  12 gnoll zombies (Ossuary)
  5 goblins
  6 hobgoblins
  3 quokkas
  7 bats
  5 bat simulacra (Ossuary)
  2 frilled lizards (D:1)
  2 goblin simulacra (Ossuary)
  4 goblin zombies (Ossuary)
  6 hobgoblin zombies (Ossuary)
  5 kobolds
  3 kobold simulacra (Ossuary)
  4 kobold zombies (Ossuary)
  4 orc zombies (Ossuary)
  6 rats
  5 rat simulacra (Ossuary)
  5 spectral goblins (Ossuary)
  5 spectral kobolds (Ossuary)
150 creatures vanquished.

Vanquished Creatures (others)
  2 fungi (D:5)
  5 toadstools (D:1)
7 creatures vanquished.

Grand Total: 157 creatures vanquished

Notes
Turn   | Place    | Note
-------+----------+-------------------------------------------
     0 | D:1      | Lanoc the Spriggan Brigand began the quest for the Orb.
     0 | D:1      | Reached XP level 1. HP: 10/10 MP: 2/2
    81 | D:1      | Reached skill level 6 in Stealth
   221 | D:1      | Reached XP level 2. HP: 14/15 MP: 3/3
   317 | D:1      | Found a faded altar of an unknown god.
   327 | D:1      | Got Plato's Secrets of Hurting
   330 | D:1      | Prayed at the altar of an unknown god.
   330 | D:1      | Became a worshipper of Zin the Law-Giver
   330 | D:1      | Reached * piety under Zin
   740 | D:2      | Reached XP level 3. HP: 18/18 MP: 4/4
   878 | D:2      | Reached ** piety under Zin
  1056 | D:2      | Reached XP level 4. HP: 23/23 MP: 5/5
  2131 | D:3      | Reached skill level 7 in Stealth
  2248 | D:3      | Reached skill level 1 in Invocations
  2558 | D:3      | Found a glowing golden altar of the Shining One.
  2716 | D:4      | Found a staircase to the Ecumenical Temple.
  2734 | D:4      | Reached XP level 5. HP: 18/26 MP: 6/6
  2747 | D:4      | Zin protects you from harm!
  2831 | D:4      | Reached *** piety under Zin
  2835 | Temple   | Entered the Ecumenical Temple
  3327 | D:5      | Entered Level 5 of the Dungeon
  3403 | D:5      | Found a sand-covered staircase.
  3413 | Ossuary  | Entered an ossuary
  3526 | Ossuary  | Reached **** piety under Zin
  3792 | Ossuary  | Reached skill level 8 in Stealth
  3798 | Ossuary  | Reached ***** piety under Zin
  3813 | Ossuary  | Reached XP level 6. HP: 31/31 MP: 8/8
  3901 | D:5      | Found a stormy altar of Qazlal.
  3989 | D:5      | Found Soviagi's Antique Armour Emporium.
  4097 | D:5      | Reached XP level 7. HP: 7/35 MP: 9/9
  4292 | D:5      | Noticed a two-headed ogre
  4518 | D:5      | Reached skill level 5 in Short Blades
  4518 | D:5      | Reached skill level 9 in Stealth
  4631 | D:5      | Found a runed translucent door.
  4632 | D:5      | Noticed Crazy Yiuf
  4786 | D:5      | Killed a two-headed ogre
  4787 | D:5      | Reached skill level 10 in Stealth
  4787 | D:5      | Reached XP level 8. HP: 14/40 MP: 9/11
  5044 | D:5      | Reached skill level 5 in Dodging
  5357 | D:5      | Killed Crazy Yiuf
  5427 | D:6      | Identified the +3 spear "Xasil" {freeze, +Blink rN+ Int+4}
  5535 | D:6      | Slain by a gnoll sergeant

Illustrated notes

Levels and vault maps discovered:
D:1:      ldierk_walled_garden, layout_loops_ring,
          shapermc_ecumenical_altar_rom_forum, grunt_decor_fettered
D:2:      layout_basic, nrook_campfire
D:3:      layout_rooms, lemuel_coloured_pillars_altar
D:4:      layout_basic, minmay_temple_entry_overgrown
D:5:      layout_loops_ring, grunt_qazlal_clouds, enter_ossuary_1, serial_shops,
          nicolae_inconvenience_store, uniq_crazy_yiuf_cottage
D:6:      layout_gridville
Temple:   nicolae_temple_godzebo

Skill      XL: |  1  2  3  4  5  6  7  8 |
---------------+-------------------------+-----
Stealth        | 6 7 8 10 | 10.9
Dodging        | 2 3 4 5 |  5.1
Fighting       | 2 3 |  3.5
Short Blades   | 3 4 6 |  6.0
Invocations    | 1 2 3 |  3.6
Throwing       | |  2.0

Action                   |  1- 3 |  4- 6 |  7- 9 || total
-------------------------+-------+-------+-------++-------
Melee: Dagger            |    94 |   398 |    90 ||   582
       Punch             |     1 |     5 |     1 ||     7
Throw: Dart              |     2 |     6 |    23 ||    31
Invok: Recite            |       |     9 |     7 ||    16
  Use: Scroll            |       |    13 |       ||    13
       Potion            |       |     4 |     1 ||     5
 Stab: Sleeping          |     9 |    14 |     2 ||    25
       Confused          |       |     6 |     1 ||     7
       Invisible         |       |     2 |       ||     2
       Distracted        |       |     1 |       ||     1
Armor: Robe              |     6 |    43 |    12 ||    61
Dodge: Dodged            |    74 |   314 |    92 ||   480

Table legend: (Time is in decaauts)
 A = Elapsed time spent in this place.
 B = Non-inter-level travel time spent in this place.
 C = Inter-level travel time spent in this place.
 D = Time resting spent in this place.
 E = Time spent auto-exploring this place.
 F = Levels seen in this place.
 G = Mean time per level.
                   A        B        C        D        E       F      G
               +--------+--------+--------+--------+--------+-----+--------+
         Total |   3829 |   3684 |    145 |     11 |   2690 |   8 |  478.6 |
       Dungeon |   3483 |   3338 |    145 |     11 |   2594 |   6 |  580.5 |
        Temple |      1 |      1 |      0 |      0 |      0 |   1 |    1.0 |
       Ossuary |    344 |    344 |      0 |      0 |     96 |   1 |  344.0 |
               +--------+--------+--------+--------+--------+-----+--------+

Top non-repeatable levels by time:
     D:5: 1226 daAuts
     D:2: 781 daAuts
     D:1: 480 daAuts
     D:4: 475 daAuts
     D:3: 437 daAuts
 Ossuary: 344 daAuts
     D:6: 82 daAuts
  Temple: 1 daAuts
